 Dungeon Crawl Stone Soup version 0.30-a0-824-g6c64550be9 (webtiles) character file.

Game seed: 14980414096256195990

5974 ragingrage the Marksant (level 11, -8/62 (64) HPs)
             Began as a Formicid Hunter on Feb 27, 2023.
             Was a Priest of Hepliaklqana.
             Mangled by a red ugly thing (22 damage)
             ... on level 10 of the Dungeon.
             The game lasted 00:15:02 (8318 turns).

ragingrage the Marksant (Formicid Hunter)           Turns: 8318, Time: 00:15:03

HP:   -8/62 (64)    AC:  4    Str: 22    XL:     11   Next: 10%
MP:   11/11         EV: 11    Int:  9    God:    Hepliaklqana [***...]
Gold: 576           SH:  0    Dex: 21    Spells: 10/10 levels left

rFire   . . .      SeeInvis +    a - +1 shortbow
rCold   . . .      Faith    .    (no shield)
rNeg    . . .      Spirit   .    J - +0 swamp dragon scales
rPois   +          Reflect  .    (helmet unavailable)
rElec   .          Harm     .    (no cloak)
rCorr   +          Rampage  .    t - +0 pair of gloves
Will    +....                    (no boots)
Stlth   ++                       y - amulet of regeneration
HPRegen 1.10/turn                e - ring of resist corrosion
MPRegen 0.12/turn                x - +6 ring of strength

@: corroded, lightly drained
A: reduced essence, permanent stasis, dig shafts and tunnels, antennae 3, four
strong arms
a: Dig, Shaft Self, Renounce Religion, Recall Ancestor, Ancestor Identity,
Transference


You were on level 10 of the Dungeon.
You worshipped Hepliaklqana.
Hepliaklqana was most pleased with you.
You visited 1 branch of the dungeon, and saw 10 of its levels.
You also visited: Bailey.

You collected 576 gold pieces.

Inventory:

Hand Weapons
 a - a +1 shortbow (weapon)
 b - a +0 demon whip of venom
 c - a +3 dagger
 n - a +2 dagger of flaming
Missiles
 l - 5 poisoned darts
 r - 26 boomerangs
Armour
 j - a +0 robe of willpower
 t - a +0 pair of gloves (worn)
 J - +0 swamp dragon scales (worn)
Jewellery
 e - a ring of resist corrosion (left hand)
 x - a +6 ring of strength (right hand)
 y - an amulet of regeneration (around neck)
Wands
 d - a wand of acid (3)
 k - a wand of polymorph (21)
 q - a wand of charming (3)
 s - a wand of flame (33)
 D - a wand of mindburst (9)
 G - a wand of roots (4)
Scrolls
 f - 2 scrolls of vulnerability
 h - a scroll of enchant weapon
 u - 4 scrolls of amnesia
 w - 5 scrolls of magic mapping
 B - a scroll of fear
 H - a scroll of fog
Potions
 g - 2 potions of mutation {unknown}
 i - 2 potions of flight
 m - a potion of invisibility {unknown}
 o - a potion of brilliance
 p - 2 potions of might
 v - 2 potions of magic {unknown}
 z - a potion of degeneration {unknown}
 A - 2 potions of curing {unknown}
 C - a potion of haste {unknown}
 F - a potion of cancellation
 I - 2 potions of heal wounds
 K - a potion of lignification


   Skills:
 + Level 2.2 Fighting
 - Level 16.0 Ranged Weapons
 + Level 0.0 Armour
 + Level 1.8 Dodging
 - Level 3.0 Stealth
 + Level 0.0 Invocations


You had 10 spell levels left.
You didn't know any spells.
Your spell library contained the following spells:

 Spells                   Type           Power      Damage    Failure   Level
 Magic Dart               Conj           0%         1d3       54%         1
 Call Imp                 Summ           0%         N/A       69%         2
 Searing Ray              Conj           0%         2d4       69%         2
 Gell's Gravitas          Tloc           0%         N/A       89%         3
 Kindle Blastsparks       Fire/Tloc/Air  0%         2d10      89%         3
 Mephitic Cloud           Conj/Pois/Air  0%         N/A       89%         3
 Teleport Other           Tloc           0%         N/A       89%         3
 Fulminant Prism          Conj/Hex       0%         3d5       100%        4
 Iskenderun's Mystic Bla  Conj/Tloc      0%         2d3       100%        4
 Lee's Rapid Deconstruct  Erth           0%         3d4*      100%        5
 Dispersal                Tloc           0%         N/A       100%        6


Dungeon Overview and Level Annotations

Branches:
Dungeon (10/15)            Temple (0/1) D:6          Bailey (visited)
   Lair: D:8-11         Orc: D:9-12

Altars:
Ashenzari
Hepliaklqana
Kikubaaqudgha
Makhleb
Uskayaw
Vehumet
Xom

Shops:
D:5 !

Annotations:
D:2 Sigmund, Terence
D:3 Grinder
D:4 1 exclusion, Dowan, Duvessa, Pikel
D:7 exclusion: downstairs


Innate Abilities, Weirdness & Mutations

Your life essence is reduced to manifest your ancestor. (-10% HP)
You cannot be hasted, slowed, berserked, paralysed or teleported.
You can dig through walls and to a lower floor.
You have a pair of large antennae on your head. (SInv)
Your four strong arms can wield two-handed weapons with a shield.


Message History

You sense a monster nearby.
An acid dragon comes into view.
You shoot an arrow.
The arrow hits the acid dragon but does no damage.
The acid dragon roars!
You hear a shout!
A cyclops comes into view.
You hear a horrible gurgling sound!
You shoot an arrow. Cihuaton avoids your attack.
The arrow hits the acid dragon.
You shoot an arrow. Cihuaton avoids your attack.
The arrow hits the acid dragon but does no damage.
A red ugly thing comes into view.
You shoot an arrow. Cihuaton avoids your attack.
The arrow completely misses the red ugly thing.
Something bites Cihuaton but does no damage.
Something closely misses Cihuaton.
Something claws Cihuaton.
Cihuaton hits the acid dragon with a +0 flail.
The red ugly thing engulfs Cihuaton!
Cihuaton is engulfed in flames!
Cihuaton resists.
Okay, then.
Okay, then.
A troll comes into view.
The troll shouts!
The troll bites Cihuaton!
Cihuaton is destroyed!
The acid dragon spits acid at you. The splash of acid hits you! You resist.
The acid corrodes you!
You extend your mandibles.
You dig through the rock wall.
You feel drained.
You retract your mandibles.
The red ugly thing attacks as you move away!
The red ugly thing engulfs you!
You are engulfed in flames!
The red ugly thing barely misses you.
The red ugly thing attacks as you move away!
The red ugly thing engulfs you!
You are engulfed in flames!
The red ugly thing attacks as you move away!
The red ugly thing engulfs you!
* * * LOW HITPOINT WARNING * * *
You are engulfed in flames!!
You die...

##...##.. {##?#
.^....#...###..##
.....#.........# .
....##....C...#....
#...####.##......#
##†..##.....##....#
#....#{......##..##
#.<..#.......# ###
#..@u..............
#...........##.####
#...........# .#
######......# #
##...#.# ##......
####.## .#


You could see a red ugly thing.

Vanquished Creatures
  Amaemon (D:7)
  Maggie (D:8)
  7 yaks
  A wyvern (D:7)
  5 orc warriors
  2 ice beasts
  2 phantoms
  A kobold brigand (D:6)
  A necrophage (D:5)
  A bullfrog (D:8)
  A scorpion (D:5)
  2 howler monkeys
  6 orc priests
  6 orc wizards
  3 iguanas
  Robin (D:3)
  19 gnolls
  2 adders (D:5)
  A white imp (D:6)
  2 ufetubi
  3 worms
  3 dart slugs
  41 orcs
  4 bats
  3 endoplasms
  2 giant cockroaches (D:1)
  23 goblins
  10 hobgoblins
  6 jackals
  6 ball pythons
  3 frilled lizards
  21 kobolds
  3 rats
193 creatures vanquished.

Vanquished Creatures (collateral kills)
  An orange demon (D:8)
  An unseen horror (D:8)
  A wyvern (D:8)
  3 yaks
  A vampire mosquito (D:10)
  2 orc warriors (D:7)
  2 ice beasts
  A black bear (D:8)
  A phantom (D:7)
  A bullfrog (D:8)
  2 gnoll boudas
  An orc priest (D:8)
  A jelly (D:8)
  2 orc wizards
  2 gnolls
  An orc (D:8)
  A goblin (Bailey)
24 creatures vanquished.

Vanquished Creatures (others)
  2 knights
  4 ancestors (Bailey)
  10 fungi (D:1)
  3 plants (D:1)
19 creatures vanquished.

Grand Total: 236 creatures vanquished

Notes
Turn   | Place    | Note
-------+----------+-------------------------------------------
     0 | D:1      | ragingrage the Formicid Hunter began the quest for the Orb.
     0 | D:1      | Reached XP level 1. HP: 16/16 MP: 1/1
     7 | D:1      | Found a faded altar of an unknown god.
   143 | D:1      | Reached XP level 2. HP: 22/22 MP: 2/2
   425 | D:1      | Reached XP level 3. HP: 26/27 MP: 3/3
  1209 | D:2      | Noticed Terence
  1387 | D:2      | Noticed Sigmund
  1782 | D:2      | Reached XP level 4. HP: 33/33 MP: 4/4
  1905 | D:3      | Identified the +0 helmet of Filth {Int+3}
  1905 | D:3      | Noticed Robin
  1918 | D:3      | Reached skill level 5 in Ranged Weapons
  2067 | D:3      | Killed Robin
  2303 | D:3      | Found a hide-covered altar of Uskayaw.
  2330 | D:3      | Found a burning altar of Makhleb.
  2629 | D:3      | Found a hazy altar of Hepliaklqana.
  2673 | D:3      | Became a worshipper of Hepliaklqana the Forgotten
  2694 | D:3      | Noticed Grinder
  2815 | D:4      | Noticed a lemure
  2815 | D:4      | Noticed a lemure
  2816 | D:4      | Noticed Pikel
  2858 | D:4      | Found an ancient bone altar of Kikubaaqudgha.
  2858 | D:4      | Noticed a human
  3091 | D:4      | Noticed Duvessa
  3091 | D:4      | Noticed Dowan
  3129 | D:4      | Reached XP level 5. HP: 22/36 MP: 0/5
  3408 | D:4      | Reached skill level 6 in Ranged Weapons
  3567 | D:4      | Reached XP level 6. HP: 23/42 MP: 3/6
  3814 | D:5      | Entered Level 5 of the Dungeon
  3814 | D:5      | Noticed an ice beast
  3822 | D:5      | Killed an ice beast
  3823 | D:5      | Reached skill level 7 in Ranged Weapons
  3837 | D:5      | Reached XP level 7. HP: 23/50 MP: 4/7
  3928 | D:5      | Reached skill level 8 in Ranged Weapons
  4652 | D:5      | Found Lunt's Distillery.
  4952 | D:5      | Reached XP level 8. HP: 45/56 MP: 6/8
  5075 | D:6      | Reached skill level 9 in Ranged Weapons
  5197 | D:6      | Reached * piety under Hepliaklqana
  5296 | D:6      | Found a staircase to the Ecumenical Temple.
  5955 | D:7      | Reached skill level 10 in Ranged Weapons
  6062 | D:7      | Found a flagged portal.
  6109 | Bailey   | Entered a bailey
  6116 | Bailey   | Noticed an orc warlord
  6177 | Bailey   | Found a runed translucent gate.
  6177 | Bailey   | Found a runed translucent gate.
  6177 | Bailey   | Found a runed translucent gate.
  6213 | Bailey   | Reached XP level 9. HP: 43/54 MP: 9/9
  6216 | Bailey   | Reached skill level 11 in Ranged Weapons
  6618 | D:7      | Reached ** piety under Hepliaklqana
  6641 | D:7      | Remembered your ancestor Cihuaton as a knight
  6709 | D:7      | Reached skill level 12 in Ranged Weapons
  7318 | D:8      | Noticed Amaemon
  7318 | D:8      | Noticed an orange demon
  7318 | D:8      | Noticed an unseen horror
  7329 | D:7      | Killed Amaemon
  7330 | D:7      | Reached skill level 13 in Ranged Weapons
  7330 | D:7      | Reached XP level 10. HP: 60/60 MP: 10/10
  7540 | D:8      | Reached skill level 14 in Ranged Weapons
  7656 | D:8      | Found a broken altar of Ashenzari.
  7660 | D:8      | Found a radiant altar of Vehumet.
  7856 | D:8      | Killed an orange demon
  7857 | D:8      | Reached skill level 15 in Ranged Weapons
  7961 | D:8      | Killed an unseen horror
  8007 | D:8      | Noticed Maggie
  8019 | D:8      | Killed Maggie
  8093 | D:8      | Found a shimmering altar of Xom.
  8232 | D:9      | Noticed a two-headed ogre
  8241 | D:10     | Entered Level 10 of the Dungeon
  8241 | D:10     | Reached *** piety under Hepliaklqana
  8270 | D:10     | Reached XP level 11. HP: 64/64 MP: 11/11
  8287 | D:10     | Reached skill level 16 in Ranged Weapons
  8303 | D:10     | Noticed a cyclops
  8305 | D:10     | Noticed a red ugly thing
  8318 | D:10     | Mangled by a red ugly thing

Illustrated notes

Levels and vault maps discovered:
D:1:      dpeg_arrival_lava_altar, layout_loops_corners,
          ebering_ecumenical_altar_webs, serial_forest,
          infiniplex_forest_clump_long, infiniplex_forest_lined_ring,
          infiniplex_forest_end_1, infiniplex_forest_lined_ring,
          infiniplex_forest_end_3, dreamdust_mushroom_princess,
          serial_bayou_pond_a, nrook_mini_vaults, chequers_serial_rivers_micro_b
D:2:      layout_loops_ring, chequers_serial_rivers_micro_c,
          grunt_decor_arrowhead, dk_noncrumbling_2, minmay_split_cup_small,
          uniq_sigmund, uniq_terence, uniq_crazy_yiuf_cottage
D:3:      layout_basic, nzn_hepliaklqana_mist_gate,
          mainiacjoe_overflow_large_starburst, item_on_display_a, uniq_grinder,
          uniq_ijyb, uniq_robin
D:4:      layout_basic, tgw_kikubaaqudgha, enter_ossuary_4, uniq_duvessa,
          uniq_pikel, uniq_eustachio
D:5:      layout_cave_pools, serial_shops, nicolae_lakefront_shop
D:6:      layout_loops_ring, minmay_temple_entry_ruins, serial_rivers,
          chequers_serial_rivers_micro_e, chequers_serial_rivers_room_a,
          chequers_serial_rivers_large_b, chequers_serial_rivers_micro_e,
          chequers_serial_rivers_small_b, kennysheep_cross_bottleneck,
          minmay_misc_feat_tower
D:7:      layout_basic, enter_bailey_5
D:8:      minmay_general_purpose_star, layout_basic,
          mainiacjoe_overflow_brackets, minitemple, uniq_amaemon, uniq_maggie
D:9:      layout_small_grid, mainiacjoe_overflow_cross_hatched,
          dpeg_oklobed_lair, minmay_diced_spiral, uniq_grum
D:10:     minmay_curly_fans, layout_loops_cross, kennysheep_generic_room_4

Skill      XL: |  1  2  3  4  5  6  7  8  9 10 11 |
---------------+----------------------------------+-----
Stealth        | 2 3 |  3.0
Ranged Weapons | 5 6 7 8 10 13 15 16 | 16.0
Fighting       | |  2.2
Dodging        | |  1.8

Action                     |  1- 3 |  4- 6 |  7- 9 | 10-12 || total
---------------------------+-------+-------+-------+-------++-------
  Melee: Dagger            |     2 |     8 |       |       ||    10
         Unarmed           |       |       |    15 |       ||    15
         Demon whip        |       |       |       |     2 ||     2
   Fire: Shortbow          |    98 |   155 |   318 |   158 ||   729
 Invoke: Ancestor Life: Kn |       |       |     1 |       ||     1
         Recall Ancestor   |       |       |       |     1 ||     1
Ability: Dig               |     3 |     3 |     2 |     1 ||     9
  Evoke: Wand              |       |       |       |     1 ||     1
    Use: Scroll            |       |       |    13 |       ||    13
         Potion            |       |       |     6 |       ||     6
   Stab: Sleeping          |     1 |     3 |       |       ||     4
 Armour: Leather armour    |     9 |     3 |       |       ||    12
         Animal skin       |       |    22 |    34 |     2 ||    58
         Skin              |       |       |    42 |       ||    42
         Swamp dragon scal |       |       |       |     2 ||     2
  Dodge: Dodged            |    23 |    66 |   103 |     6 ||   198

Table legend: (Time is in decaauts)
 A = Elapsed time spent in this place.
 B = Non-inter-level travel time spent in this place.
 C = Inter-level travel time spent in this place.
 D = Time resting spent in this place.
 E = Time spent auto-exploring this place.
 F = Levels seen in this place.
 G = Mean time per level.
                   A        B        C        D        E       F      G
               +--------+--------+--------+--------+--------+-----+--------+
         Total |   8377 |   7820 |    557 |   1168 |   4419 |  11 |  761.5 |
       Dungeon |   7986 |   7429 |    557 |   1143 |   4249 |  10 |  798.6 |
        Bailey |    390 |    390 |      0 |     25 |    170 |   1 |  390.0 |
               +--------+--------+--------+--------+--------+-----+--------+

Top non-repeatable levels by time:
     D:1: 1286 daAuts
     D:5: 1235 daAuts
     D:7: 1075 daAuts
     D:3: 1047 daAuts
     D:6: 928 daAuts
     D:4: 909 daAuts
     D:8: 754 daAuts
     D:2: 625 daAuts
  Bailey: 390 daAuts
    D:10: 69 daAuts
     D:9: 55 daAuts
